 Dungeon Crawl Stone Soup version 0.21.1-1-g345015f (webtiles) character file.

613840 troglodite the Warrior (level 26, -12/423 (429) HPs)
             Began as a Demonspawn Berserker on May 21, 2018.
             Was a High Priest of Trog.
             Mangled by a death scarab (16 damage)
             ... summoned by a greater mummy
             ... on level 12 of a ziggurat on May 22, 2018.
             The game lasted 04:05:39 (57264 turns).

troglodite the Warrior (Demonspawn Berserker)      Turns: 57264, Time: 04:05:41

HP:   -12/423 (429) AC: 37    Str: 34    XL:     26   Next: 31%
MP:   0/21          EV: 20    Int: 12    God:    Trog [*****.]
Gold: 4672          SH: 29    Dex: 21    Spells: 25/25 levels left

rFire    + . .     SeeInvis +   K - +14 obsidian axe {chop, +Fly SInv *Curse}
rCold    + + +     Gourm    .   Y - +3 large shield
rNeg     + + +     Faith    .   E - +10 plate armour {rN+}
rPois    +         Spirit   +   N - +0 helmet of Hepliaklqana's Regard {rC++ Regen+ Int+8 Stlth-}
rElec    +         Reflect  .   t - scarf {rC+ rF+}
rCorr    .         Harm     .   D - +2 pair of gloves {Str+3}
MR       +++..                  (boots unavailable)
Stlth    ..........             B - macabre finger necklace {rN+}
HPRegen  0.00/turn              W - ring "Himaput" {rC+ MR+ Slay+3}
MPRegen  0.34/turn              C - ring of protection from magic
                                p - ring of Propriety {rElec rC+ rN+ Str+4 Int-4 SInv}

@: berserking, lethally poisoned (-12 -> -94), mesmerised, non-regenerating,
badly diseased, slowed, studying Armour
A: hooves 3, slimy green scales 3, low mp 1, powered by pain 3, robust 3, magic
shield, magic regeneration, magic link
}: 4/15 runes: serpentine, barnacled, silver, abyssal
a: Berserk, Trog's Hand, Brothers in Arms, Burn Spellbooks, Renounce Religion,
Evoke Flight


You were on level 12 of a ziggurat.
You worshipped Trog.
Trog was extremely pleased with you.
You were not hungry.

You visited 9 branches of the dungeon, and saw 45 of its levels.
You visited the Abyss 3 times.
You visited 1 bazaar.
You visited 1 ziggurat, and saw 12 of its levels.
You also visited: Labyrinth, Bailey and Ice Cave.

You collected 7732 gold pieces.
You spent 3060 gold pieces at shops.

Inventory:

Hand Weapons
 r - the +12 scimitar "Botrykk" {slice, +Blink rC++}
   (Trog gifted it to you on level 4 of the Vaults)

   It inflicts extra damage upon your enemies.
   It greatly protects you from cold.
   It lets you blink.
 K - the +14 obsidian axe (weapon) {chop, +Fly SInv *Curse}
   (You took it off a minotaur in a labyrinth)

   It inflicts extra damage upon your enemies.
   It lets you see invisible.
   It lets you fly.
   It curses itself when equipped.
Armour
 t - a scarf of resistance (worn)
 D - a +2 pair of gloves of strength (worn)
 E - a +10 plate armour of positive energy (worn)
 N - the +0 helmet of Hepliaklqana's Regard (worn) {rC++ Regen+ Int+8 Stlth-}
   (You bought it in a shop on level 1 of the Orcish Mines)

   It affects your intelligence (+8).
   It greatly protects you from cold.
   It increases your rate of regeneration.
   It makes you less stealthy.
 Y - a +3 large shield (worn)
Jewellery
 p - the ring of Propriety (on amulet) {rElec rC+ rN+ Str+4 Int-4 SInv}
   (You found it on level 10 of a ziggurat)

   [ring of see invisible]

   It affects your strength (+4).
   It affects your intelligence (-4).
   It protects you from cold.
   It insulates you from electricity.
   It protects you from negative energy.
   It lets you see invisible.
 B - the macabre finger necklace (around neck) {rN+}
   (You took it off a vault warden on level 5 of the Vaults)

   [amulet of nothing]

   It protects you from negative energy.
 C - a ring of protection from magic (right hand)
 W - the ring "Himaput" (left hand) {rC+ MR+ Slay+3}
   (You bought it in a shop on level 3 of the Snake Pit)

   [ring of protection from cold]

   It affects your accuracy and damage with ranged weapons and melee attacks
   (+3).
   It protects you from cold.
   It affects your resistance to hostile enchantments.
Wands
 b - a wand of random effects (23)
 M - a wand of digging (25)
Scrolls
 a - 7 scrolls of blinking
 e - 8 scrolls of fog
 f - 35 scrolls of remove curse
 o - 13 scrolls of teleportation
 s - 3 scrolls of silence
 w - 7 scrolls of fear
 P - 3 scrolls of summoning
 R - 7 scrolls of magic mapping
Potions
 h - 8 potions of flight
 j - 8 potions of brilliance
 k - 2 potions of ambrosia
 l - 8 potions of heal wounds
 m - 11 potions of haste
 n - 12 potions of might
 q - 4 potions of magic
 v - 4 potions of agility
 x - 10 potions of lignification
 z - 21 potions of curing
 A - 12 potions of mutation
 F - 3 potions of cancellation
 I - 2 potions of invisibility
Books
 Q - a manual of Armour
Comestibles
 c - 79 rations


   Skills:
 * Level 20.9 Fighting
 + Level 10.2 Long Blades
 + Level 18.9 Axes
 * Level 18.2 Armour
 * Level 16.1 Dodging
 - Level 2.3 Stealth
 * Level 20.0 Shields
 + Level 1.2 Evocations


You had 25 spell levels left.
You didn't know any spells.

Dungeon Overview and Level Annotations

Branches:
Dungeon (15/15)            Temple (0/1) D:4            Lair (6/6) D:9
 Shoals (4/4) Lair:3        Snake (4/4) Lair:3        Slime (0/5) Lair:5
    Orc (2/2) D:9             Elf (3/3) Orc:2        Vaults (5/5) D:13
  Crypt (3/3) Vaults:2       Tomb (0/3) Crypt:3      Depths (3/5) D:15

Altars:
Ashenzari
Cheibriados
Dithmenos
Elyvilon
Gozag
Hepliaklqana
Kikubaaqudgha
Nemelex Xobeh
Ru
Sif Muna
Trog
Vehumet
Wu Jian
Xom
Yredelemnul
Zin
The Shining One
Beogh

Shops:
D:3 *   Orc:1 !%[*[   Orc:2 (*[:   Elf:1 :   Shoals:3 *   Shoals:4 *
Snake:3 =}=   Vaults:4 %%:

Portals:
Hell: Depths:1 Depths:2 Depths:3
Pandemonium: Depths:3
Trove: D:13 (give 7 potions of agility)


Innate Abilities, Weirdness & Mutations

You have hooves in place of feet.
You are completely covered in slimy green scales. (AC +4, rPois)
You are powered by pain.
You are extremely robust. (+30% HP)
When hurt, damage is shared between your health and your magic reserves.
You regenerate magic rapidly.
When low on magic, you restore magic in place of health.
Your magical capacity is low. (-10% MP)


Message History

The vile air hits the death scarab.
The vile air hits you!
The vile air hits the greater mummy.
The ushabti shakes and rattles deafeningly!
The death scarab closely misses you.
The ushabti shakes and rattles deafeningly!
Unknown command.
You hit the greater mummy but do no damage.
You kick the greater mummy!
The greater mummy is severely damaged.
You slash the death scarab! x2; You slice the death scarab!!
You feel the power of Trog in you as your rage grows.
You destroy the death scarab!
The death scarab's corpse disappears in a puff of smoke!
You slash the death scarab! You closely miss the emperor scorpion.
You slice the greater mummy!!
You are engulfed in dark miasma.
You are more poisoned.
* * * LOW HITPOINT WARNING * * *
x2 You feel very sick.
You block the death scarab's attack. The death scarab bites you!!
You die...

▓.........▓
▓.........▓
▓▓▓▓▓▓.........▓▓▓▓▓▓▓
...Mss...............▓
?"s.sM.Mz............▓
!MMsM8Wss4...........▓
∩[MM.sMss#§#.........▓
>%sMMMM@.§#≈........∩▓
∩:ZsZMss§#§#.........▓
[:s8MsMs8W...........▓
...Z.MMs.............▓
....M................▓
▓▓▓▓▓▓.........▓▓▓▓▓▓▓
▓.........▓
▓.........▓
▓▓▓▓▓▓▓▓▓▓▓


You could see 6 greater mummies, 10 emperor scorpions, 2 phantasmal warriors, 5
guardian mummies, 3 ushabtiu, 8 death scarabs, 8 mummies, a wight, a golden
dragon simulacrum, a storm dragon zombie, a deep elf high priest skeleton and a
friendly chaos spawn.

Vanquished Creatures
  2 ancient liches (Vaults:5)
  Boris (twice) (Vaults:2 Vaults:4)
  Margery (Crypt:1)
  A curse toe (Crypt:3)
  A caustic shrike (Zig:11)
  2 golden dragons
  2 pearl dragons (Zig:9)
  A bone dragon (Abyss:3)
  A doom hound (Zig:5)
  A hellephant (Zig:6)
  A lich (Crypt:3)
  A Hell Sentinel (Zig:11)
  9 titans
  7 tentacled monstrosities
  An Ice Fiend (Zig:8)
  4 deep elf blademasters
  A quicksilver dragon (Vaults:5)
  2 deep elf master archers (Elf:3)
  11 ancient champions
  A shadow dragon (Vaults:5)
  2 storm dragons
  2 daevas (Zig:9)
  4 tengu reavers (Vaults:5)
  5 nagarajas (Snake:4)
  7 fire giants
  A fire giant (shapeshifter) (Vaults:5)
  4 revenants
  The ghost of Gartch2 the Imperceptible, an adept SpEn of Kikubaaqudgha (Snake:4)
  Louise (D:14)
  8 deep elf sorcerers
  A draconian scorcher (Abyss:3)
  A balrug (Depths:2)
  Aizul (Crypt:1)
  2 orc warlords
  8 vault wardens
  6 ghouls
  7 frost giants
  5 ironheart preservers
  3 deep elf elementalists
  10 very ugly things
  A spriggan defender (Depths:2)
  A reaper (Zig:10)
  An angel (Zig:3)
  3 curse skulls
  A juggernaut skeleton (Crypt:1)
  3 vampire knights
  3 ophanim (Zig:9)
  5 entropy weavers
  20 stone giants
  9 deep elf demonologists
  Nessos (D:15)
  An apis (Zig:9)
  4 war gargoyles
  A green draconian (Zig:1)
  A spark wasp (Depths:2)
  3 deep elf annihilators (Elf:3)
  Azrael (D:14)
  A dire elephant (shapeshifter) (Vaults:5)
  The ghost of Heatsaber the Slicer, a journeyman VSEn of Kikubaaqudgha (Orc:2)
  A dire elephant (Zig:6)
  A mummy priest (Crypt:3)
  A minotaur (shapeshifter) (Vaults:5)
  8 deep elf death magi
  2 blizzard demons
  8 eidola
  9 ettins
  5 merfolk javelineers (Shoals:4)
  12 merfolk impalers
  3 crystal guardians (Zig:11)
  10 jiangshi
  A quicksilver dragon zombie (Crypt:3)
  A minotaur (Lab)
  6 great orbs of eyes
  15 yaktaur captains
  6 ogre magi
  3 fire dragons
  10 deep elf high priests
  9 ice dragons
  A catoblepas (Lair:6)
  A quicksilver dragon skeleton (Crypt:3)
  5 rakshasas
  9 naga warriors
  25 vault guards
  10 centaur warriors
  3 merfolk avatars (Shoals:4)
  A catoblepas (shapeshifter) (Vaults:5)
  6 merfolk aquamancers (Shoals:4)
  5 hydras
  3 anacondas
  2 alligator snapping turtles
  An anaconda (shapeshifter) (Vaults:5)
  A death scarab (Zig:12)
  39 two-headed ogres
  8 death yaks
  3 tengu warriors
  2 satyrs
  14 dancing weapons
  3 vampire magi
  A death knight (Crypt:1)
  2 titan zombies
  4 orc high priests
  3 thrashing horrors (Abyss:3)
  5 deep troll shamans
  7 deep troll earth magi
  8 naga sharpshooters
  2 soul eaters
  20 deep elf knights
  An iron golem (Zig:11)
  5 spriggan berserkers
  A storm dragon zombie (Zig:8)
  2 sun demons (Depths:2)
  4 small abominations
  2 salamander mystics
  A titan skeleton (Zig:8)
  29 skeletal warriors
  8 hell knights
  4 shadow wraiths
  A sixfirhy (Abyss:3)
  21 deep trolls
  2 wretched stars (Abyss:3)
  2 spriggan druids
  3 flayed ghosts
  3 glowing orange brains
  12 sea snakes
  6 unseen horrors
  2 naga ritualists (Snake:4)
  A quicksilver dragon simulacrum (Crypt:1)
  4 wizards
  2 cherubim (Zig:9)
  A deep troll (shapeshifter) (Depths:1)
  A sphinx zombie (Crypt:2)
  20 deep elf archers
  10 starcursed masses
  21 orc knights
  4 wolf spiders
  21 harpies
  11 ironbrand convokers
  A mana viper (shapeshifter) (Vaults:3)
  A harpy (shapeshifter) (Elf:3)
  10 phantasmal warriors
  An iron giant skeleton (Crypt:3)
  A wolf spider zombie (D:11)
  A frost giant zombie (Zig:8)
  11 orc sorcerers
  2 mana vipers
  13 necromancers
  An oklob plant (Lair:2)
  56 deep elf magi
  2 shadow dragon skeletons
  10 fauns
  An iron dragon skeleton (Zig:10)
  35 ugly things
  An iron dragon zombie (Zig:10)
  A frost giant skeleton (Zig:5)
  A moth of wrath (Zig:7)
  2 salamanders (Snake:2)
  5 cyclopes
  3 elephants (Lair:6)
  8 manticores
  A stone giant skeleton (Crypt:2)
  5 merfolk sirens
  A black mamba (shapeshifter) (Depths:1)
  13 black mambas
  16 naga magi
  A guardian serpent (Snake:4)
  A titan simulacrum (Vaults:5)
  2 water nymphs
  10 vault sentinels
  3 torpor snails
  A fire giant skeleton (Zig:10)
  3 ice statues (IceCv)
  A torpor snail (shapeshifter) (Vaults:5)
  6 centaur skeletons
  8 spiny frogs
  4 gargoyles
  2 yaktaur zombies (Vaults:5)
  37 yaktaurs
  An efreet (D:15)
  A rime drake (shapeshifter) (Vaults:2)
  6 komodo dragons
  11 freezing wraiths
  2 ice devils
  A tengu conjurer (Depths:2)
  A guardian mummy (Zig:12)
  An ancient zyme (Abyss:3)
  4 polar bears
  21 merfolk
  A meliai (shapeshifter) (Vaults:2)
  2 merfolk (shapeshifter)
  9 trolls
  A queen bee (Lair:2)
  Grinder (D:5)
  A wind drake (shapeshifter) (Vaults:4)
  A meliai zombie (D:15)
  4 hornets
  A hydra skeleton (Crypt:3)
  9 slime creatures
  2 wind drakes
  An ice dragon zombie (Crypt:1)
  8 blink frogs
  7 hippogriffs
  A human simulacrum (Vaults:4)
  4 bog bodies (Crypt:2)
  A jumping spider zombie (Crypt:1)
  10 large abominations
  A slime creature (shapeshifter) (Vaults:5)
  2 dream sheep (Lair:4)
  A hippogriff (shapeshifter) (Vaults:2)
  6 snapping turtles
  A centaur simulacrum (D:15)
  2 stone giant simulacra
  Sigmund (D:2)
  2 shadows
  4 air elementals
  2 flying skulls (Zig:12)
  A ynoxinul (Abyss:3)
  2 redbacks (Vaults:5)
  A spriggan (shapeshifter) (Vaults:4)
  A guardian serpent skeleton (Crypt:1)
  A vampire (Abyss:3)
  8 wraiths
  2 ushabtiu
  A wyvern (D:9)
  Eustachio (D:5)
  2 tarantellas (shapeshifter)
  2 fire dragon skeletons
  46 yaks
  4 basilisks
  10 water elementals
  A golden eye (Zig:4)
  3 fire elementals
  A neqoxec (Abyss:3)
  7 hungry ghosts
  A yaktaur simulacrum (Vaults:1)
  A redback simulacrum (D:14)
  A deep troll zombie (Vaults:5)
  A faun zombie (Crypt:3)
  A steam dragon (D:15)
  11 wargs
  56 nagas
  A soldier ant (shapeshifter) (Vaults:5)
  7 water moccasins
  2 hell hounds (D:14)
  An acid dragon (Vaults:1)
  A two-headed ogre skeleton (Crypt:2)
  6 porcupines
  A black bear (D:9)
  40 orc warriors
  2 ettin simulacra (Crypt:3)
  8 ice beasts
  A phantom (D:5)
  A dream sheep zombie (Crypt:1)
  A hornet zombie (D:15)
  5 sky beasts
  A black bear (shapeshifter) (Vaults:4)
  4 necrophages
  A snapping turtle skeleton (Crypt:3)
  10 wolves
  8 boggarts
  2 elf skeletons
  A fire dragon simulacrum (Crypt:3)
  39 ogres
  A crocodile (shapeshifter) (Vaults:5)
  15 centaurs
  A big kobold (D:10)
  13 crocodiles
  16 bullfrogs
  A bullfrog (shapeshifter) (Vaults:5)
  A gnoll sergeant (D:11)
  5 earth elementals
  3 human skeletons
  A scorpion (D:5)
  A yaktaur skeleton (Crypt:3)
  An elf simulacrum (Vaults:4)
  13 killer bees
  3 wights (D:13)
  An electric eel (Lair:2)
  The ghost of dscm the Grave Robber, a weakling DsNe (D:3)
  4 howler monkeys
  6 crimson imps
  A bullfrog zombie (D:13)
  8 centaur zombies
  A basilisk zombie (Crypt:1)
  8 hounds
  18 orc priests
  15 jellies
  2 bullfrog skeletons
  6 iguanas
  23 orc wizards
  Natasha (thrice) (D:3)
  A lightning spire (Zig:8)
  8 worker ants
  A porcupine zombie (Crypt:3)
  A statue (D:9)
  A sky beast zombie (Crypt:2)
  A crocodile skeleton (Crypt:3)
  A worker ant zombie (D:10)
  Robin (D:3)
  18 gnolls
  7 adders
  7 shadow imps
  4 white imps
  An ooze (shapeshifter) (Vaults:5)
  An adder zombie (D:5)
  An iguana zombie (Crypt:2)
  3 adder skeletons
  3 worms
  2 barachi zombies (Crypt:2)
  4 leopard geckos
  73 orcs
  4 bats
  A bat skeleton (Crypt:3)
  6 giant cockroaches
  9 hobgoblins
  7 jackals
  4 quokkas
  2 ball pythons
  A ball python skeleton (D:4)
  A dart slug zombie (Crypt:1)
  4 frilled lizards
  A giant cockroach zombie (Crypt:1)
  21 goblins
  17 kobolds
  A leopard gecko zombie (D:8)
  7 rats
  A butterfly (Lair:5)
  3 crawling corpses (Vaults:5)
  3 fungi
  A lurking horror (Abyss:3)
  2 plants
  10 withered plants (Crypt:3)
1845 creatures vanquished.

Vanquished Creatures (collateral kills)
  A juggernaut (Depths:2)
  A curse toe (Crypt:3)
  A shard shrike zombie (Crypt:3)
  2 tentacled monstrosities
  2 ancient champions (Crypt:3)
  A tengu reaver (Vaults:5)
  A storm dragon (Vaults:5)
  Ilsuiw (Shoals:4)
  2 daevas
  4 nagarajas (Snake:4)
  A deep elf sorcerer (Elf:3)
  2 vault wardens (Vaults:5)
  An orc warlord (Zig:7)
  4 ironheart preservers
  A ghoul (Crypt:3)
  A stone giant (Vaults:5)
  2 very ugly things (Vaults:5)
  An apis (Zig:3)
  3 vampire knights
  An entropy weaver (Vaults:3)
  A deep elf demonologist (Elf:3)
  2 wizards (Abyss:3)
  A deep elf annihilator (Vaults:5)
  An ettin (Depths:1)
  A merfolk javelineer (Depths:1)
  A merfolk impaler (Shoals:2)
  A deep elf death mage (Vaults:3)
  An eidolon (Crypt:3)
  6 jiangshi
  4 deep elf high priests
  A mummy priest (Crypt:3)
  6 vault guards
  8 ogre magi
  3 yaktaur captains
  Fannar (Lair:1)
  An ice dragon (Depths:3)
  A rakshasa (Depths:1)
  2 catoblepae (Lair:6)
  7 naga warriors
  An alligator snapping turtle (Shoals:1)
  2 centaur warriors
  A merfolk avatar (Abyss:3)
  A tengu warrior (Depths:1)
  10 two-headed ogres
  2 anacondas
  2 satyrs (Shoals:3)
  A deep troll shaman (Vaults:1)
  6 death yaks
  A vampire mage (Depths:2)
  A dancing weapon (Elf:2)
  An orc high priest (Orc:1)
  2 naga sharpshooters
  4 deep elf knights
  A spriggan berserker (Depths:1)
  A soul eater (Crypt:3)
  2 titan skeletons
  7 skeletal warriors
  2 salamander mystics
  9 sea snakes
  4 deep trolls
  3 deep elf archers
  4 ironbrand convokers
  A flayed ghost (Crypt:3)
  11 harpies
  A phantasmal warrior (Vaults:2)
  6 orc knights
  6 ugly things
  A necromancer (Crypt:1)
  9 deep elf magi
  2 cyclopes
  A frost giant zombie (Zig:8)
  4 starcursed masses
  2 salamanders
  2 manticores
  3 fauns
  3 merfolk sirens
  6 elephants (Lair:6)
  3 water nymphs
  A guardian serpent (Snake:1)
  2 vault sentinels (Vaults:5)
  4 naga magi
  A torpor snail (Zig:11)
  3 black mambas
  A green draconian zombie (Crypt:2)
  An elephant slug zombie (Crypt:2)
  5 spiny frogs
  7 yaktaurs
  3 freezing wraiths
  5 komodo dragons
  A guardian mummy (Crypt:3)
  An ancient zyme (Abyss:3)
  5 trolls
  9 merfolk
  A hydra skeleton (Crypt:3)
  2 wind drakes
  A spriggan zombie (Zig:8)
  A bog body (Crypt:3)
  9 blink frogs
  A death drake skeleton (Crypt:3)
  2 dream sheep (Lair:4)
  A blink frog (shapeshifter) (Vaults:4)
  An ettin zombie (Crypt:2)
  2 redbacks (Vaults:5)
  A shadow (D:15)
  A spriggan (shapeshifter) (Vaults:5)
  A wyvern (D:8)
  2 ettin skeletons (Crypt:3)
  A large abomination (Abyss:3)
  5 water elementals
  2 small abominations
  An ushabti (Crypt:3)
  7 yaks
  A wraith (Crypt:2)
  2 basilisks
  A deep troll zombie (Vaults:5)
  19 nagas
  5 wargs (Orc:2)
  3 water moccasins
  A hell hound (D:14)
  22 orc warriors
  A necrophage (Crypt:3)
  6 ogres
  A boggart (Vaults:3)
  5 wolves
  A centaur (Depths:2)
  A snapping turtle skeleton (Crypt:3)
  4 crocodiles
  3 bullfrogs
  2 earth elementals
  A salamander skeleton (Crypt:2)
  16 killer bees (Lair:2)
  A raiju skeleton (Crypt:1)
  2 wights (D:13)
  2 electric eels
  6 orc priests
  2 jellies (Lair:5)
  4 orc wizards
  A worker ant (D:13)
  A dwarf skeleton (Crypt:2)
  2 white imps
  18 orcs
  3 hobgoblins (Bailey)
  7 kobolds (Bailey)
  A quokka (D:9)
  A butterfly (Lair:5)
  A crawling corpse (Vaults:5)
  2 fungi
  2 plants
453 creatures vanquished.

Vanquished Creatures (others)
  3 deep elf knights
  A skeletal warrior (Crypt:3)
  A deep elf archer (Vaults:2)
  A harpy (Shoals:4)
  2 gargoyles (Zig:11)
  A goblin (Bailey)
  11 fungi
  2 plants
  A withered plant (Crypt:3)
23 creatures vanquished.

Grand Total: 2321 creatures vanquished

Notes
Turn   | Place    | Note
-------+----------+-------------------------------------------
     0 | D:1      | troglodite the Demonspawn Berserker began the quest for the Orb.
     0 | D:1      | Reached XP level 1. HP: 18/18 MP: 1/1
   160 | D:1      | Gained mutation: You are partially covered in slimy green scales. (AC +2) [demonic ancestry]
   160 | D:1      | Reached XP level 2. HP: 18/24 MP: 2/2
   530 | D:2      | Reached ** piety under Trog
   618 | D:2      | Gained mutation: You have large cloven feet. [demonic ancestry]
   618 | D:2      | Reached XP level 3. HP: 29/29 MP: 3/3
   894 | D:2      | Noticed Sigmund
   925 | D:2      | Killed Sigmund
   925 | D:2      | Reached skill level 1 in Shields
   925 | D:2      | Reached XP level 4. HP: 12/37 MP: 4/4
   925 | D:2      | Reached XP level 5. HP: 14/42 MP: 5/5
  1631 | D:3      | Noticed dscm's ghost (weakling DsNe)
  1641 | D:3      | Killed dscm's ghost
  1641 | D:3      | Reached XP level 6. HP: 48/48 MP: 6/6
  1660 | D:3      | Noticed Robin
  1688 | D:3      | Killed Robin
  1714 | D:3      | Found Zin's Purification Station.
  1714 | D:3      | Found a glowing silver altar of Zin.
  1842 | D:3      | Noticed Natasha
  1852 | D:3      | Killed Natasha
  1852 | D:3      | Reached *** piety under Trog
  1882 | D:3      | Noticed Natasha
  1889 | D:3      | Killed Natasha
  2200 | D:3      | Noticed Natasha
  2205 | D:3      | Killed Natasha
  2315 | D:3      | Found a sparkling altar of Nemelex Xobeh.
  2315 | D:3      | Found an opulent altar of Gozag.
  2446 | D:3      | Found a glowing golden altar of the Shining One.
  2676 | D:4      | Found a staircase to the Ecumenical Temple.
  2979 | D:4      | Gained mutation: You have hoof-like feet. [demonic ancestry]
  2979 | D:4      | Reached XP level 7. HP: 55/55 MP: 7/7
  3430 | D:4      | Reached **** piety under Trog
  3810 | D:5      | Entered Level 5 of the Dungeon
  3867 | D:5      | Reached skill level 5 in Fighting
  3966 | D:5      | Reached skill level 5 in Long Blades
  4300 | D:5      | Reached XP level 8. HP: 60/62 MP: 8/8
  4521 | D:5      | Reached skill level 5 in Armour
  4544 | D:5      | Found a hazy altar of Hepliaklqana.
  4564 | D:5      | Noticed Eustachio
  4570 | D:5      | Noticed Grinder
  4584 | D:5      | Paralysed by Grinder for 4 turns
  4589 | D:5      | Killed Grinder
  4907 | D:5      | Killed Eustachio
  5912 | D:6      | Found an ornate altar of the Wu Jian Council.
  5912 | D:6      | Found a faded altar of an unknown god.
  5917 | D:6      | Found a shadowy altar of Dithmenos.
  5919 | D:6      | Found a sacrificial altar of Ru.
  5921 | D:6      | Found a snail-covered altar of Cheibriados.
  6006 | D:6      | Found a shattered altar of Ashenzari.
  6115 | D:7      | Found an opulent altar of Gozag.
  6301 | D:7      | Gained mutation: When hurt, damage is shared between your health and your magic reserves. [demonic ancestry]
  6301 | D:7      | Reached XP level 9. HP: 55/69 MP: 9/9
  7111 | D:8      | Found a bloodstained altar of Trog.
  7572 | D:8      | Noticed a two-headed ogre
  7580 | D:8      | Killed a two-headed ogre
  7580 | D:8      | Reached skill level 5 in Dodging
  7934 | D:9      | Noticed a troll
  7948 | D:9      | Killed a troll
  7948 | D:9      | Reached skill level 5 in Shields
  7950 | D:9      | Gained mutation: You sometimes gain a little power by taking damage. [demonic ancestry]
  7950 | D:9      | Reached XP level 10. HP: 79/79 MP: 7/10
  8037 | D:9      | Noticed a death yak
  8038 | D:9      | Noticed a death yak
  8050 | D:9      | Killed a death yak
  8052 | D:9      | Killed a death yak
  8052 | D:9      | Reached skill level 1 in Stealth
  8492 | D:9      | Found a staircase to the Lair.
  8492 | D:9      | Noticed a death yak
  9249 | D:9      | Found a radiant altar of Vehumet.
  9347 | D:9      | Killed a death yak
  9510 | D:9      | Found a staircase to the Orcish Mines.
  9606 | D:10     | Entered Level 10 of the Dungeon
  9606 | D:10     | Noticed a two-headed ogre
  9612 | D:10     | Killed a two-headed ogre
  9675 | D:10     | Gained mutation: You regenerate magic rapidly. [demonic ancestry]
  9675 | D:10     | Reached XP level 11. HP: 82/86 MP: 5/11
 10013 | D:10     | Killed an unseen horror
 10945 | D:10     | Noticed a two-headed ogre
 10961 | D:10     | Killed a two-headed ogre
 11308 | D:11     | Reached ***** piety under Trog
 11515 | D:11     | Found a frozen archway.
 11515 | D:11     | Noticed an ice dragon
 11535 | D:11     | Killed an ice dragon
 11580 | IceCv    | Entered an ice cave
 11821 | IceCv    | Noticed a white ugly thing
 11830 | IceCv    | Killed a white ugly thing
 12550 | IceCv    | Noticed a white ugly thing
 12563 | IceCv    | Killed a white ugly thing
 12868 | D:11     | Noticed a two-headed ogre
 12870 | D:11     | Noticed a two-headed ogre
 12871 | D:11     | Noticed a purple ugly thing
 12877 | D:11     | Killed a two-headed ogre
 12877 | D:11     | Gained mutation: When low on magic, you restore magic in place of health. [demonic ancestry]
 12877 | D:11     | Reached XP level 12. HP: 88/95 MP: 8/12
 12882 | D:11     | Killed a two-headed ogre
 13824 | D:12     | Noticed a seven-headed hydra
 13833 | D:12     | Killed a one-headed hydra
 14476 | D:12     | Noticed a two-headed ogre
 14485 | D:12     | Killed a two-headed ogre
 14485 | D:12     | Reached skill level 10 in Armour
 14572 | D:12     | Noticed a tengu warrior
 14590 | D:12     | Killed a tengu warrior
 14658 | D:12     | Reached skill level 10 in Long Blades
 14684 | D:12     | Noticed a four-headed hydra
 14691 | D:12     | Killed a one-headed hydra
 14800 | D:12     | Noticed a two-headed ogre
 14808 | D:12     | Killed a two-headed ogre
 15157 | D:13     | Found a portal to a secret trove of treasure.
 15163 | D:13     | Found a labyrinth entrance.
 15173 | Lab      | Entered a labyrinth
 15612 | Lab      | Noticed a minotaur
 15625 | Lab      | Killed a minotaur
 15733 | D:13     | Noticed a vault guard
 15733 | D:13     | Noticed a vault guard
 15859 | D:13     | Killed a vault guard
 15859 | D:13     | Reached skill level 10 in Fighting
 15870 | D:13     | Reached skill level 1 in Axes
 15896 | D:13     | Noticed an ogre mage
 15896 | D:13     | Noticed a vault guard
 15898 | D:13     | Noticed a vault guard
 15899 | D:13     | Paralysed by an ogre mage for 5 turns
 15900 | D:13     | Killed an ogre mage
 15906 | D:13     | Killed a vault guard
 15908 | D:13     | Killed a vault guard
 15920 | D:13     | Noticed an ogre mage
 15923 | D:13     | Killed an ogre mage
 16136 | D:13     | Found a gate to the Vaults.
 16151 | D:13     | Gained mutation: You have hooves in place of feet. [demonic ancestry]
 16151 | D:13     | Reached XP level 13. HP: 103/103 MP: 10/13
 17215 | Orc:1    | Entered Level 1 of the Orcish Mines
 17215 | Orc:1    | Found a flagged portal.
 17237 | Orc:1    | Found Wiguf's Distillery.
 17239 | Bailey   | Entered a bailey
 17722 | Orc:1    | Found Xoshra's Food Emporium.
 17735 | Orc:1    | Received a gift from Trog
 17835 | Orc:1    | Found Vore's Antique Armour Shop.
 17859 | Orc:1    | Bought a heavily runed helmet for 171 gold pieces
 17859 | Orc:1    | Bought a pair of transparent gloves for 171 gold pieces
 17869 | Orc:1    | Identified the cursed +0 helmet of Hepliaklqana's Regard {rC++ Regen+ Int+8 Stlth-} (You bought it in a shop on level 1 of the Orcish Mines)
 17879 | Orc:1    | Identified the +4 pair of gloves "Lymonkun" {rElec} (You bought it in a shop on level 1 of the Orcish Mines)
 17894 | Orc:1    | Found Joag's General Store.
 17898 | Orc:1    | Found Wuzeylu's Antique Armour Boutique.
 17942 | Orc:1    | Found a deep blue altar of Sif Muna.
 17970 | Orc:1    | Identified Sif Muna's Grimoire of Arcane Weapons
 18001 | Orc:1    | Found a roughly hewn altar of Beogh.
 18286 | Orc:1    | Bought an ichor-stained ring mail for 270 gold pieces
 18286 | Orc:1    | Bought a smoking ring mail for 270 gold pieces
 18296 | Orc:1    | Identified the +0 ring mail of Proximity {rPois} (You bought it in a shop on level 1 of the Orcish Mines)
 18306 | Orc:1    | Identified the cursed +1 ring mail of a labyrinth {rPois} (You bought it in a shop on level 1 of the Orcish Mines)
 18516 | Orc:2    | Entered Level 2 of the Orcish Mines
 18523 | Orc:2    | Found Wazeng's Book Shoppe.
 18523 | Orc:2    | Paralysed by an orc sorcerer for 5 turns
 18533 | Orc:2    | Reached skill level 5 in Axes
 18559 | Orc:2    | Noticed an orc warlord
 18583 | Orc:2    | Killed an orc warlord
 18622 | Orc:2    | Found a staircase to the Elven Halls.
 18631 | Orc:2    | Found Xotunu's Antique Armour Shoppe.
 18690 | Orc:2    | Found Awemoso's General Store.
 18709 | Orc:2    | Bought a scroll of magic mapping for 52 gold pieces
 18715 | Orc:2    | Found Qupatz's Antique Weapon Shoppe.
 18716 | Orc:2    | Found a flickering gateway to a bazaar.
 18717 | Orc:2    | Noticed Heatsaber's ghost (journeyman VSEn)
 18718 | Orc:2    | Received a gift from Trog
 18727 | Orc:2    | Killed Heatsaber's ghost
 18759 | Bazaar   | Entered a bazaar
 18766 | Bazaar   | Found Mujono's Gadget Emporium.
 18778 | Bazaar   | Found Raocw's Antique Armour Emporium.
 18792 | Bazaar   | Found Ditwiklae's Antique Weapon Boutique.
 18806 | Bazaar   | Found Goebo's General Store.
 18818 | Bazaar   | Found Fopre's Magic Scroll Shoppe.
 19173 | Orc:2    | Gained mutation: You sometimes gain power by taking damage. [demonic ancestry]
 19173 | Orc:2    | Reached XP level 14. HP: 113/113 MP: 11/14
 19378 | Orc:2    | Found a radiant altar of Vehumet.
 19991 | Lair:1   | Entered Level 1 of the Lair of Beasts
 20231 | Lair:1   | Received a gift from Trog
 20485 | Lair:1   | Noticed Fannar
 20498 | Lair:1   | Killed Fannar
 21715 | Lair:2   | You fall through a shaft for 2 floors!
 21739 | Lair:3   | Found a staircase to the Shoals.
 21836 | Lair:3   | Found a white marble altar of Elyvilon.
 22014 | Lair:3   | Received a gift from Trog
 22100 | Lair:3   | Found a staircase to the Snake Pit.
 22648 | Lair:4   | Received a gift from Trog
 23583 | Lair:5   | Found a staircase to the Slime Pits.
 23738 | Lair:6   | Entered Level 6 of the Lair of Beasts
 23842 | Lair:6   | Reached skill level 10 in Shields
 23941 | Lair:6   | Gained mutation: You are robust. (+10% HP) [demonic ancestry]
 23941 | Lair:6   | Reached XP level 15. HP: 114/132 MP: 15/15
 24150 | Lair:6   | Reached skill level 10 in Dodging
 24152 | Lair:6   | Reached ****** piety under Trog
 24247 | Lair:6   | Received a gift from Trog
 24267 | Lair:6   | Got a polished quarterstaff
 24268 | Lair:6   | Identified the +4 quarterstaff "Obixt" {speed, rN+} (You found it on level 6 of the Lair of Beasts)
 24504 | Lair:6   | Got a translucent dagger
 24505 | Lair:6   | Identified the cursed +3 dagger of the New World {pierce, rPois rF++ Str+4 Int-4 SInv} (You found it on level 6 of the Lair of Beasts)
 24896 | Snake:1  | Entered Level 1 of the Snake Pit
 24996 | Snake:1  | Reached skill level 10 in Axes
 27236 | Snake:3  | Found Xistrick's Jewellery Shoppe.
 27252 | Snake:3  | Found Hupune's Jewellery Shoppe.
 27268 | Snake:3  | Found Irepsiym's Gadget Boutique.
 27283 | Snake:3  | Bought the ring "Himaput" {rC+ MR+ Slay+3} for 753 gold pieces
 27289 | Snake:3  | Bought the amulet "Pelli" {Faith rElec rPois Int+3} for 1096 gold pieces
 27641 | Snake:3  | Received a gift from Trog
 28080 | Snake:3  | Gained mutation: You are mostly covered in slimy green scales. (AC +3) [demonic ancestry]
 28080 | Snake:3  | Reached XP level 16. HP: 136/141 MP: 14/16
 28389 | Snake:4  | Entered Level 4 of the Snake Pit
 28481 | Snake:4  | Noticed Gartch2's ghost (adept SpEn)
 28494 | Snake:4  | Killed Gartch2's ghost
 28704 | Snake:4  | Received a gift from Trog
 28742 | Snake:4  | Received a gift from Trog
 29180 | Snake:4  | Got a serpentine rune of Zot
 29697 | Shoals:1 | Entered Level 1 of the Shoals
 30353 | Shoals:2 | Received a gift from Trog
 30357 | Shoals:2 | Got a translucent falchion {god gift}
 30358 | Shoals:2 | Identified the +5 falchion of Vuka Kue {flame, Int+3} (Trog gifted it to you on level 2 of the Shoals)
 30935 | Shoals:3 | Identified the Catalogue of Hurtful Execration
 31016 | Shoals:3 | Received a gift from Trog
 31059 | Shoals:3 | Reached XP level 17. HP: 144/150 MP: 15/17
 31131 | Shoals:3 | Found Xuokhlued's Island Escapes.
 31539 | Shoals:4 | Entered Level 4 of the Shoals
 31546 | Shoals:4 | Found Jeaguska's Assorted Antiques.
 31734 | Shoals:4 | Received a gift from Trog
 31825 | Shoals:4 | Got a transparent pewter amulet
 31826 | Shoals:4 | Identified the amulet of Migab {Inacc *Drain Dex+5 Stlth+} (You found it on level 4 of the Shoals)
 31853 | Shoals:4 | Noticed Ilsuiw
 31896 | Shoals:4 | Killed Ilsuiw
 32230 | Shoals:4 | Received a gift from Trog
 32615 | Shoals:4 | Bought a scroll of enchant armour for 277 gold pieces
 32713 | Shoals:4 | Got a barnacled rune of Zot
 33265 | D:14     | Received a gift from Trog
 33550 | D:14     | Noticed Louise
 33565 | D:14     | Killed Louise
 33792 | D:14     | Noticed Azrael
 33799 | D:14     | Killed Azrael
 34203 | D:15     | Entered Level 15 of the Dungeon
 34298 | D:15     | Received a gift from Trog
 34298 | D:15     | Reached XP level 18. HP: 157/160 MP: 16/18
 34318 | D:15     | Found a staircase to the Depths.
 34482 | D:15     | Noticed Nessos
 34491 | D:15     | Killed Nessos
 34870 | D:15     | Found a shadowy altar of Dithmenos.
 35171 | Elf:1    | Entered Level 1 of the Elven Halls
 35196 | Elf:1    | Found a radiant altar of Vehumet.
 35215 | Elf:1    | Received a gift from Trog
 35478 | Elf:1    | Found Hanin's Book Shoppe.
 35598 | Elf:1    | Received a gift from Trog
 35601 | Elf:1    | Cast into level 2 of the Abyss (a deep elf sorcerer)
 35701 | Abyss:2  | Found a corrupted altar of Lugonu.
 35774 | Abyss:3  | Noticed a bone dragon
 35791 | Abyss:3  | Killed a bone dragon
 35837 | Abyss:3  | Found a corrupted altar of Lugonu.
 35841 | Abyss:3  | Noticed a tentacled monstrosity
 35851 | Abyss:3  | Noticed a tentacled monstrosity
 35852 | Abyss:3  | Killed a tentacled monstrosity
 35860 | Abyss:3  | Killed a tentacled monstrosity
 35919 | Abyss:3  | Got an abyssal rune of Zot
 35941 | Elf:1    | Escaped the Abyss
 36504 | Elf:2    | Received a gift from Trog
 36557 | Elf:2    | Found a runed gate.
 36557 | Elf:2    | Found a runed gate.
 36557 | Elf:2    | Found a runed gate.
 36897 | Elf:2    | Cast into level 2 of the Abyss (a deep elf demonologist)
 37011 | Elf:2    | Escaped the Abyss
 37325 | Elf:2    | Reached skill level 15 in Fighting
 37358 | Elf:2    | Reached XP level 19. HP: 170/170 MP: 19/19
 37406 | Elf:2    | Received a gift from Trog
 37711 | Elf:3    | Entered Level 3 of the Elven Halls
 37773 | Elf:3    | Found a radiant altar of Vehumet.
 38481 | Elf:3    | Received a gift from Trog
 38723 | Elf:3    | Reached skill level 15 in Shields
 38755 | Elf:3    | Got an ichor-stained short sword {pierce}
 38756 | Elf:3    | Identified the cursed +0 short sword of Hunnost {pierce, Fragile rF++ rC+ MR- Str+9} (You took it off a deep elf archer on level 3 of the Elven Halls)
 38759 | Elf:3    | Identified a scroll of acquirement
 38767 | Elf:3    | Got a smoking tin ring
 39089 | Elf:3    | Got a slimy morningstar {freeze}
 39103 | Elf:3    | Identified the ring "Upnaciam" {rElec rF- MR+ Int+3} (You took it off a deep elf blademaster on level 3 of the Elven Halls)
 39106 | Elf:3    | Identified the +5 morningstar of Gallantry {freeze, rPois} (You took it off a deep elf high priest on level 3 of the Elven Halls)
 39124 | Elf:3    | Got an ancient short sword {venom}
 39126 | Elf:3    | Identified the cursed +1 short sword of Scorn {venom, rElec rC+} (You took it off a deep elf annihilator on level 3 of the Elven Halls)
 39621 | Vaults:1 | Entered Level 1 of the Vaults
 39670 | Vaults:1 | Received a gift from Trog
 40196 | Vaults:1 | Got a faintly glowing scythe
 40197 | Vaults:1 | Identified the +3 scythe "Qaideweonn" {holy, MR- Str+4 Int+2} (You found it on level 1 of the Vaults)
 40386 | Vaults:1 | Received a gift from Trog
 40486 | Vaults:1 | Reached skill level 15 in Axes
 40930 | Vaults:2 | Gained mutation: You are completely covered in slimy green scales. (AC +4, rPois) [demonic ancestry]
 40930 | Vaults:2 | Reached XP level 20. HP: 180/180 MP: 20/20
 41130 | Vaults:2 | Noticed Boris
 41144 | Vaults:2 | Killed Boris
 41260 | Vaults:2 | Received a gift from Trog
 41283 | Vaults:2 | Found a staircase to the Crypt.
 42196 | Vaults:3 | Received a gift from Trog
 42379 | Vaults:3 | Found a shimmering altar of Xom.
 42544 | Vaults:3 | Received a gift from Trog
 42547 | Vaults:3 | Reached skill level 15 in Armour
 43561 | Vaults:4 | Noticed Boris
 43572 | Vaults:4 | Killed Boris
 43572 | Vaults:4 | Received a gift from Trog
 43572 | Vaults:4 | Gained mutation: You are very robust. (+20% HP) [demonic ancestry]
 43572 | Vaults:4 | Reached XP level 21. HP: 134/206 MP: 19/21
 43675 | Vaults:4 | Found Letunu's Book Shop.
 43814 | Vaults:4 | Received a gift from Trog
 43817 | Vaults:4 | Got a transparent scimitar {god gift}
 43818 | Vaults:4 | Identified the +12 scimitar "Botrykk" {slice, +Blink rC++} (Trog gifted it to you on level 4 of the Vaults)
 44025 | Vaults:4 | Found Tiywuyri's Food Shoppe.
 44066 | Vaults:4 | Found Yfozon's Food Shop.
 44571 | Vaults:5 | Entered Level 5 of the Vaults
 44576 | Vaults:5 | Cast into level 3 of the Abyss (vault guard)
 44576 | Abyss:3  | Found a corrupted altar of Lugonu.
 44644 | Abyss:3  | Gained mutation: Your magical capacity is low. (-10% MP) [a neqoxec]
 44652 | Abyss:3  | Found a corrupted altar of Lugonu.
 44712 | Abyss:3  | Received a gift from Trog
 44816 | Vaults:5 | Escaped the Abyss
 44836 | Vaults:5 | Noticed an ancient lich
 44861 | Vaults:5 | Noticed an ancient lich
 44872 | Vaults:5 | Killed an ancient lich
 45078 | Vaults:5 | Received a gift from Trog
 45300 | Vaults:5 | Reached XP level 22. HP: 194/218 MP: 20/20
 45400 | Vaults:5 | Received a gift from Trog
 45506 | Vaults:5 | Got a warped trident {venom}
 45510 | Vaults:5 | Identified the +4 trident of the Morning {venom, rF++ Str+3} (You took it off a yaktaur captain on level 5 of the Vaults)
 45959 | Vaults:5 | Got a silver rune of Zot
 45978 | Vaults:5 | Received a gift from Trog
 45996 | Vaults:5 | Got an ichor-stained broad axe {god gift}
 46025 | Vaults:5 | Got a steaming ivory ring
 46026 | Vaults:5 | Identified the +3 broad axe "Xohoodwa" {chop, *Drain +Blink rF+} (Trog gifted it to you on level 5 of the Vaults)
 46041 | Vaults:5 | Identified the cursed ring "Jeju" {+Fly rN++ MR- EV-3 Stlth+} (You took it off a fire giant on level 5 of the Vaults)
 46159 | Vaults:5 | Noticed a golden dragon
 46168 | Vaults:5 | Killed a golden dragon
 46202 | Vaults:5 | Killed an ancient lich
 46620 | Vaults:5 | Received a gift from Trog
 46623 | Vaults:5 | Got a brightly glowing morningstar {god gift}
 46851 | Vaults:5 | Identified the +8 morningstar of War {vamp, rC+ rN+} (Trog gifted it to you on level 5 of the Vaults)
 46896 | Vaults:5 | Found the +6 shillelagh "Devastator" {shatter}
 47076 | Vaults:5 | Got a transparent turquoise ring
 47083 | Vaults:5 | Got a jasper-studded scale mail
 47084 | Vaults:5 | Identified the ring "Vini" {*Tele MR+ Int+2} (You took it off a vault warden on level 5 of the Vaults)
 47095 | Vaults:5 | Identified the +4 scale mail "Vechuf" {Int+5 Dex+4} (You took it off a vault warden on level 5 of the Vaults)
 47544 | Crypt:1  | Entered Level 1 of the Crypt
 47813 | Crypt:1  | Noticed Aizul
 47829 | Crypt:1  | Killed Aizul
 48101 | Crypt:1  | Reached XP level 23. HP: 230/230 MP: 21/21
 48196 | Crypt:1  | Received a gift from Trog
 48252 | Crypt:1  | Noticed Margery
 48260 | Crypt:1  | Killed Margery
 48506 | Crypt:2  | Received a gift from Trog
 48581 | Crypt:2  | Reached skill level 15 in Dodging
 49350 | Crypt:2  | Received a gift from Trog
 49533 | Crypt:3  | Entered Level 3 of the Crypt
 50234 | Crypt:3  | Found a staircase to the Tomb.
 50351 | Crypt:3  | Received a gift from Trog
 50628 | Crypt:3  | Noticed a curse toe
 50632 | Crypt:3  | Noticed a curse toe
 51022 | Crypt:3  | Killed a curse toe
 51326 | Crypt:3  | Found an ancient bone altar of Kikubaaqudgha.
 51328 | Crypt:3  | Found a basalt altar of Yredelemnul.
 51363 | Crypt:3  | Killed a curse toe
 52048 | Depths:1 | Entered Level 1 of the Depths
 52188 | Depths:1 | Received a gift from Trog
 52208 | Depths:1 | Gained mutation: You are extremely robust. (+30% HP) [demonic ancestry]
 52208 | Depths:1 | Reached XP level 24. HP: 201/262 MP: 21/21
 52778 | Depths:1 | Found a gateway to Hell.
 52791 | Depths:1 | Got a bound tin ring
 52792 | Depths:1 | Identified the ring of the Saviour {rF+ Dex+2} (You acquired it on level 1 of the Depths)
 53033 | Depths:1 | Received a gift from Trog
 53234 | Depths:2 | Reached skill level 1 in Evocations
 53367 | Depths:2 | Found a runed door.
 53451 | Depths:2 | Noticed a juggernaut
 53470 | Depths:2 | Killed a juggernaut
 53855 | Depths:2 | Received a gift from Trog
 53856 | Depths:2 | Got a translucent hand axe {god gift}
 53859 | Depths:2 | Identified the +4 hand axe "Seco" {protect, Dex+7} (Trog gifted it to you on level 2 of the Depths)
 54082 | Depths:2 | Found an opulent altar of Gozag.
 54243 | Depths:2 | Got a fine chain mail
 54247 | Depths:2 | Identified the +2 chain mail of Tartarus {rF- MR+ rCorr MP+9 Int+2} (You found it on level 2 of the Depths)
 54776 | Depths:3 | Received a gift from Trog
 54901 | Depths:3 | Found a gateway to a ziggurat.
 54996 | Depths:3 | Found a one-way gate leading to the halls of Pandemonium.
 55820 | Depths:3 | Paralysed by a Zot trap for 4 turns
 55898 | Zig:1    | Entered Level 1 of a ziggurat
 55935 | Zig:2    | Entered Level 2 of a ziggurat
 55961 | Zig:3    | Entered Level 3 of a ziggurat
 56014 | Zig:4    | Entered Level 4 of a ziggurat
 56018 | Zig:4    | Paralysed by accursed screaming for 1 turns
 56234 | Zig:5    | Entered Level 5 of a ziggurat
 56249 | Zig:5    | Received a gift from Trog
 56267 | Zig:5    | Got a twisted battleaxe
 56293 | Zig:5    | Identified the +2 battleaxe of Exquisite Death {flame, rC+ Str+2 Stlth+} (You found it on level 5 of a ziggurat)
 56304 | Zig:6    | Entered Level 6 of a ziggurat
 56354 | Zig:6    | Got a scintillating copper ring
 56363 | Zig:6    | Identified the ring "Nopenokh" {rC+ Int+5 Dex+3} (You found it on level 6 of a ziggurat)
 56375 | Zig:7    | Entered Level 7 of a ziggurat
 56425 | Zig:7    | Got a pitted long sword
 56432 | Zig:7    | Identified the +9 long sword of Fixation {speed, MR- Dex+6 SInv} (You found it on level 7 of a ziggurat)
 56439 | Zig:8    | Entered Level 8 of a ziggurat
 56451 | Zig:8    | Reached XP level 25. HP: 241/275 MP: 21/21
 56457 | Zig:8    | Received a gift from Trog
 56494 | Zig:8    | Got a bloodstained chain mail
 56498 | Zig:8    | Identified the +6 chain mail "Sijen" {Str+3} (You found it on level 8 of a ziggurat)
 56646 | Zig:9    | Entered Level 9 of a ziggurat
 56818 | Zig:9    | Got a pitted pewter ring
 56830 | Zig:9    | Identified the ring "Zuilonno" {Wiz rPois rF- Int+4 Dex+6} (You found it on level 9 of a ziggurat)
 56845 | Zig:10   | Entered Level 10 of a ziggurat
 56901 | Zig:10   | Got a warped turquoise ring
 56903 | Zig:10   | Got a dazzling dagger
 56923 | Zig:10   | Identified the ring of Propriety {rElec rC+ rN+ Str+4 Int-4 SInv} (You found it on level 10 of a ziggurat)
 56937 | Zig:11   | Entered Level 11 of a ziggurat
 56995 | Zig:11   | Identified the Papyrus of the Venomous Rocks
 56998 | Zig:11   | Identified the Reference Book on Floating Flames
 57020 | Zig:11   | Identified the +6 dagger of Makhleb {pierce, -Tele rN+ SInv} (You found it on level 10 of a ziggurat)
 57022 | Zig:11   | Gained mutation: You are powered by pain. [demonic ancestry]
 57022 | Zig:11   | Reached XP level 26. HP: 174/286 MP: 21/21
 57239 | Zig:12   | Entered Level 12 of a ziggurat
 57251 | Zig:12   | Noticed a greater mummy
 57251 | Zig:12   | Noticed a greater mummy
 57252 | Zig:12   | Noticed a greater mummy
 57252 | Zig:12   | Noticed a greater mummy
 57254 | Zig:12   | Noticed a greater mummy
 57256 | Zig:12   | Noticed a greater mummy
 57261 | Zig:12   | HP: 21/424 [guardian mummy's death curse (25)]
 57263 | Zig:12   | HP: 9/423 [poisoned by an ushabti (dark miasma)]
 57264 | Zig:12   | HP: 4/423 [poisoned by an ushabti (dark miasma)]
 57264 | Zig:12   | Mangled by a death scarab

Skill      XL: |  1  2  3  4  5  6  7  8  9 10 11 12 13 14 15 16 17 18 19 20 21 22 23 24 25 |
---------------+----------------------------------------------------------------------------+-----
Armour         | 2 3 4 5 6 7 9 10 11 12 13 14 15 16 17 18 | 18.2
Dodging        | 2 3 4 5 6 7 8 9 10 11 12 13 14 15 16 | 16.1
Long Blades    | 3 4 5 7 8 9 10 | 10.2
Fighting       | 4 5 6 7 8 9 10 11 12 13 14 15 16 17 18 19 20 | 20.9
Shields        | 1 2 3 5 6 8 9 10 11 12 13 14 15 16 17 18 19 20 | 20.0
Stealth        | 1 2 |  2.3
Axes           | 2 6 9 10 12 14 15 16 17 18 | 18.9
Evocations     | 1 |  1.2

Action                   |  1- 3 |  4- 6 |  7- 9 | 10-12 | 13-15 | 16-18 | 19-21 | 22-24 | 25-27 || total
-------------------------+-------+-------+-------+-------+-------+-------+-------+-------+-------++-------
Melee: Falchion          |   140 |   143 |   217 |       |       |       |       |       |       ||   500
       Kick              |    19 |    48 |   142 |   330 |   348 |   436 |   476 |   752 |    52 ||  2603
       Long sword        |       |       |   116 |   616 |       |       |       |       |       ||   732
       Broad axe         |       |       |       |    21 |   865 |  1103 |  1066 |  1427 |    98 ||  4580
Invok: Berserk           |     1 |     4 |     9 |    22 |     4 |     1 |       |     1 |     4 ||    46
       Burn Spellbooks   |       |       |     1 |     5 |     6 |     5 |     7 |    11 |     2 ||    37
       Brothers in Arms  |       |       |     1 |     6 |     5 |     1 |     1 |     4 |     3 ||    21
 Abil: Evoke Flight      |       |       |       |       |     3 |     4 |       |     5 |       ||    12
Evoke: Wand              |       |       |       |       |       |       |       |     1 |       ||     1
  Use: Scroll            |       |       |    22 |     9 |    17 |     8 |    23 |    36 |     5 ||   120
       Potion            |       |       |       |     3 |     2 |       |     2 |     2 |     2 ||    11
 Stab: Distracted        |       |       |       |     2 |    13 |    16 |    10 |    29 |     4 ||    74
       Confused          |       |       |       |       |       |     1 |       |       |       ||     1
       Sleeping          |       |       |       |       |       |       |       |     1 |       ||     1
  Eat: Chunk             |       |    11 |    19 |    32 |    33 |    26 |    12 |     7 |     2 ||   142
       Ration            |       |       |     2 |     6 |     5 |     2 |     5 |     9 |     2 ||    31
Armor: Chain mail        |   108 |    72 |   227 |    14 |     3 |       |       |       |       ||   424
       Plate armour      |       |       |       |   381 |   311 |   500 |   295 |   343 |    51 ||  1881
       Ice dragon scales |       |       |       |    60 |       |       |       |       |       ||    60
       Skin              |       |       |       |     1 |       |       |       |       |       ||     1
       Scale mail        |       |       |       |     4 |    68 |       |       |       |       ||    72
Dodge: Dodged            |    94 |    68 |   214 |   404 |   398 |   336 |   284 |   394 |    62 ||  2254
Block: Buckler           |    10 |    29 |   103 |   210 |       |       |       |     1 |       ||   353
       Shield            |       |       |       |    34 |   615 |       |       |       |       ||   649
       Large shield      |       |       |       |       |    57 |  1167 |   943 |  1172 |   121 ||  3460
       Rpst.: Falchion   |    31 |    24 |    43 |       |       |       |       |       |       ||    98
       Long sword        |       |       |    27 |    92 |       |       |       |       |       ||   119
